 Dungeon Crawl Stone Soup version 0.21-a0-173-g99db44b (webtiles) character file.

634 GordonOverkill the Chopper (level 7, -2/53 HPs)
             Began as a Demigod Gladiator on Aug 8, 2017.
             Slain by an ogre
             ... wielding a +0 giant spiked club
              (20 damage)
             ... on level 4 of the Dungeon.
             The game lasted 00:12:25 (5900 turns).

GordonOverkill the Chopper (Demigod Gladiator)      Turns: 5900, Time: 00:12:25

Health: -2/53      AC: 13    Str: 21    XL:     7   Next: 4%
Magic:  9/9        EV:  7    Int: 12    God:
Gold:   163        SH:  0    Dex: 17    Spells: 6/6 levels left

rFire    . . .     SeeInvis .   a - +0 war axe
rCold    + . .     Gourm    .   (no shield)
rNeg     . . .     Faith    .   z - +0 plate armour
rPois    .         Spirit   .   c - +0 helmet
rElec    .         Reflect  .   g - +0 cloak
rCorr    .         Harm     .   y - +0 pair of gloves
MR       .....                  (no boots)
Stlth    ..........             (no amulet)
HPRegen  0.17/turn              p - ring of protection from cold
MPRegen  0.11/turn              (no ring)

@: no status effects
A: high mp 1
a: no special abilities


You were on level 4 of the Dungeon.
You were hungry.

You visited 1 branch of the dungeon, and saw 4 of its levels.

You collected 163 gold pieces.

Inventory:

Hand Weapons
 a - a +0 war axe (weapon)
 b - a +0 blowgun
 x - a +0 morningstar
Missiles
 d - 3 throwing nets (quivered)
 o - 16 poisoned needles
Armour
 c - a +0 helmet (worn)
 g - a +0 cloak (worn)
 y - a +0 pair of gloves (worn)
 z - a +0 plate armour (worn)
Jewellery
 p - a ring of protection from cold (left hand)
Scrolls
 e - a scroll of immolation
 j - 2 scrolls of magic mapping
 k - a scroll of fog
Potions
 h - 2 potions of lignification
 l - a potion of curing {unknown}
 q - a potion of flight {unknown}
 s - 2 potions of haste
 t - 2 potions of cancellation {unknown}
 u - a potion of brilliance {unknown}
Comestibles
 f - 4 bread rations
 i - a meat ration


   Skills:
 - Level 1.7 Fighting
 + Level 7.7 Axes
 - Level 1.7 Throwing
 - Level 2.6 Dodging


You had 6 spell levels left.
You didn't know any spells.

Dungeon Overview and Level Annotations

Branches:
Dungeon (4/15)             Temple (0/1) D:4

Annotations:
D:4 Arkorax's ghost, amateur BaGl


Innate Abilities, Weirdness & Mutations

You have an increased reservoir of magic. (+10% MP)


Message History

The ogre closely misses you.
You barely miss the ogre.
The ogre is heavily wounded.
You completely miss the ogre.
The ogre is heavily wounded.
The ogre hits you with a giant spiked club.
You hit the ogre.
The ogre is heavily wounded.
The ogre closely misses you.
Your plate armour prevents you from hitting the ogre.
The ogre is heavily wounded.
The ogre hits you with a giant spiked club!!
You are too injured to fight recklessly!
You hit the ogre but do no damage.
The ogre is heavily wounded.
The ogre hits you with a giant spiked club!
You closely miss the ogre.
The ogre is heavily wounded.
The ogre hits you with a giant spiked club!!
You die...

#### ###≈§## *******
##≈≈§§≈##*8,,,8*
##.≈≈≈≈.≈##...,,* ###
#....≈§§§.'..>,,*
..############..@Ol§§§##...,,*
.)).."...........##§§##*8,,,8*
...################### *******
...# ...# (..# ...# ...# ...#


You could see an ogre and a leopard gecko.

Vanquished Creatures
  An ogre (D:3)
  5 orc wizards (D:3)
  An orc priest (D:3)
  Jessica (D:2)
  A centaur skeleton (D:4)
  An iguana (D:4)
  3 worker ants (D:3)
  Robin (D:4)
  8 adders
  4 gnolls (D:4)
  An ooze (D:2)
  A worm (D:3)
  6 dart slugs
  5 leopard geckos
  7 orcs
  A ball python (D:3)
  8 bats
  8 giant cockroaches
  13 goblins
  7 hobgoblins
  9 kobolds
  2 quokkas (D:3)
  A ball python skeleton (D:4)
  2 frilled lizards
  7 rats
104 creatures vanquished.

Notes
Turn   | Place    | Note
-------+----------+-------------------------------------------
     0 | D:1      | GordonOverkill the Demigod Gladiator began the quest for the Orb.
     0 | D:1      | Reached XP level 1. HP: 17/17 MP: 3/3
    29 | D:1      | Reached skill level 3 in Axes
   359 | D:1      | Reached XP level 2. HP: 24/24 MP: 4/4
  1371 | D:2      | Reached skill level 4 in Axes
  1371 | D:2      | Reached XP level 3. HP: 18/29 MP: 5/5
  1838 | D:2      | Noticed Jessica
  1844 | D:2      | Killed Jessica
  1844 | D:2      | Reached XP level 4. HP: 36/36 MP: 6/6
  2151 | D:3      | Reached skill level 5 in Axes
  2790 | D:3      | Reached XP level 5. HP: 31/41 MP: 7/7
  3260 | D:4      | Noticed Robin
  3260 | D:4      | Noticed an ogre
  3260 | D:4      | Noticed Arkorax's ghost (amateur BaGl)
  3268 | D:3      | Reached skill level 6 in Axes
  3647 | D:3      | Killed an ogre
  3647 | D:3      | Reached XP level 6. HP: 48/48 MP: 8/8
  4181 | D:3      | Reached skill level 7 in Axes
  4855 | D:4      | Killed Robin
  5482 | D:4      | Reached XP level 7. HP: 50/53 MP: 9/9
  5890 | D:4      | Found a staircase to the Ecumenical Temple.
  5900 | D:4      | Slain by an ogre

Vault maps used:
D:1:      lemuel_arrival_room
D:2:      uniq_jessica
D:3:      glass_columns_c
D:4:      minmay_temple_entry_fiery, first_bread, uniq_robin

Skill      XL: |  1  2  3  4  5  6 |
---------------+-------------------+-----
Axes           | 3 4 5 6 7 |  7.7
Fighting       | |  1.7
Throwing       | |  1.7
Dodging        | |  2.6

Action                   |  1- 3 |  4- 6 |  7- 9 || total
-------------------------+-------+-------+-------++-------
Melee: War axe           |    86 |   238 |    36 ||   360
Throw: Throwing net      |       |     1 |       ||     1
  Use: Potion            |       |     2 |       ||     2
       Scroll            |       |       |     9 ||     9
  Eat: Chunk             |     3 |     6 |     2 ||    11
       Bread ration      |       |     1 |       ||     1
Armor: Scale mail        |    33 |   138 |       ||   171
       Leather armour    |     1 |       |       ||     1
       Plate armour      |       |    18 |    13 ||    31
Dodge: Dodged            |    62 |   175 |    12 ||   249
